 Dungeon Crawl Stone Soup version 0.23.2-40-g277498a001 (webtiles) character file.

Game seed: 2356067955380762852

1630 Chudej the Thaumaturge (level 8, -2/39 (41) HPs)
             Began as a Deep Elf Conjurer on Aug 31, 2019.
             Slain by an orc warrior
             ... wielding a +0 short sword
              (8 damage)
             ... on level 7 of the Dungeon.
             The game lasted 00:09:31 (6801 turns).

Chudej the Thaumaturge (Deep Elf Conjurer)          Turns: 6801, Time: 00:09:31

HP:   -2/39 (41)    AC:  5    Str:  5    XL:     8   Next: 65%
MP:   3/24          EV: 12    Int: 23    God:
Gold: 303           SH:  0    Dex: 15    Spells: 13/27 levels left

rFire    . . .     SeeInvis .   e - +0 morningstar
rCold    . . .     Gourm    .   (no shield)
rNeg     . . .     Faith    .   r - +0 leather armour (curse)
rPois    +         Spirit   .   (no helmet)
rElec    .         Reflect  .   (no cloak)
rCorr    .         Harm     .   (no gloves)
MR       .....                  k - +1 pair of boots
Stlth    ++........             (no amulet)
HPRegen  0.13/turn              p - ring of poison resistance
MPRegen  0.19/turn              (no ring)

@: no status effects
A: no striking features
a: no special abilities


You were on level 7 of the Dungeon.
You were very hungry.

You visited 1 branch of the dungeon, and saw 7 of its levels.

You collected 303 gold pieces.

Inventory:

Hand Weapons
 e - a +0 morningstar (weapon)
Armour
 f - a +0 leather armour
 k - a +1 pair of boots (worn)
 r - a cursed +0 leather armour (worn)
Jewellery
 p - a ring of poison resistance (left hand)
Scrolls
 b - a scroll of remove curse
 g - 7 scrolls of identify
 h - a scroll of enchant armour {unknown}
 o - 3 scrolls of amnesia {unknown}
 q - a scroll of teleportation {unknown}
 s - a scroll of random uselessness {unknown}
Potions
 a - a potion of cancellation {unknown}
 d - a potion of invisibility {unknown}
 i - 2 potions of might {unknown}
 j - 2 potions of heal wounds
 l - a potion of degeneration {unknown}
 m - 3 potions of curing {unknown}
 n - a potion of flight {unknown}
 t - a potion of mutation {unknown}
Comestibles
 c - 8 rations


   Skills:
 - Level 2.4 Dodging
 - Level 2.4 Stealth
 - Level 10.2 Spellcasting
 * Level 8.6 Conjurations
 + Level 5.3 Hexes


You had 13 spell levels left.
You knew the following spells:

 Your Spells              Type           Power        Failure   Level  Hunger
a - Magic Dart            Conj           ####         1%          1    None
b - Searing Ray           Conj           ######       1%          2    None
c - Dazzling Spray        Conj/Hex       #####.       1%          3    None
d - Iskenderun's Mystic   Conj           ######..     2%          4    #......
e - Fulminant Prism       Conj/Hex       #####.....   4%          4    #......

Your spell library contained the following spells:

 Spells                   Type           Power        Failure   Level  Hunger
 Confusing Touch          Hex            #####.       1%          1    None
 Animate Skeleton         Necr           N/A          10%         1    None
 Apportation              Tloc           ##....       10%         1    None
 Summon Small Mammal      Summ           ##..         10%         1    None
 Force Lance              Conj/Tloc      ####....     16%         4    #......


Dungeon Overview and Level Annotations

Branches:
Dungeon (7/15)
 Temple: D:4-7

Altars:
Kikubaaqudgha
Okawaru
Ru
Trog
Wu Jian

Annotations:
D:2 Terence
D:4 2 transporters, Exodus22XD's ghost, amateur DDFi


Message History

Casting: Dazzling Spray (safe; 1% risk of failure)
Confirm with . or Enter, or press ? or * to list all spells.
Aiming: Dazzling Spray (safe; 1% risk of failure)
Press: ? - help, Shift-Dir - straight line, f/p - orc warrior
Aim: an orc warrior, wielding a +0 short sword and wearing a +0 plate armour The spray of energy hits the orc warrior.
The orc warrior is lightly wounded.
The orc warrior is dazzled.
The orc shouts!
The orc warrior hits you with a +0 short sword!
* * * LOW HITPOINT WARNING * * *
Things that are here:
a +0 dagger; a +0 robe You see here a stone.
There is a stone staircase leading down here.
Things that are here:
a +0 short sword; a +0 dagger The orc warrior is no longer blind.
The orc warrior hits you with a +0 short sword!
You die...

....#.........# .#
.############.##.#
.+..# #o)#.#
.##.##########)#.#
...........# #)#.#
..#.######.# #.).#
..#.#<...#.# ##..#
#.#.#....#.# #o.#
#.#.#.####.# ##@#
#.#.#......# #)#
#.#.######## #(#
#.#.# #.# ..#.#
#.# ###.# #.# #
#.# #.# # #.# #(#
# #.############.#


You could see an orc warrior and an orc.

Vanquished Creatures
  A water moccasin (D:6)
  2 sky beasts
  An orc warrior (D:6)
  A necrophage (D:4)
  A phantom (D:4)
  A big kobold (D:7)
  A bullfrog (D:7)
  3 scorpions
  A howler monkey (D:4)
  2 hounds
  6 orc wizards
  5 orc priests
  A jelly (D:5)
  3 iguanas
  2 worker ants
  A killer bee zombie (D:7)
  A gnoll (D:1)
  A howler monkey skeleton (D:5)
  6 adders
  A shadow imp (D:7)
  An ooze (D:1)
  An adder skeleton (D:4)
  5 worms
  2 dart slugs (D:2)
  6 leopard geckos
  21 orcs
  4 giant cockroaches
  6 goblins
  6 hobgoblins
  4 jackals
  3 quokkas
  A ball python (D:5)
  6 bats
  5 frilled lizards
  10 kobolds
  5 rats
127 creatures vanquished.

Vanquished Creatures (others)
  3 fulminant prisms (D:7)
3 creatures vanquished.

Grand Total: 130 creatures vanquished

Notes
Turn   | Place    | Note
-------+----------+-------------------------------------------
     0 | D:1      | Chudej the Deep Elf Conjurer began the quest for the Orb.
     0 | D:1      | Reached XP level 1. HP: 10/10 MP: 6/6
   257 | D:1      | Reached XP level 2. HP: 15/15 MP: 6/8
   261 | D:1      | Learned a level 2 spell: Searing Ray
   464 | D:1      | Reached skill level 4 in Spellcasting
   748 | D:1      | Reached XP level 3. HP: 19/19 MP: 3/10
  1062 | D:2      | Reached skill level 5 in Spellcasting
  1062 | D:2      | Reached skill level 5 in Conjurations
  1062 | D:2      | Reached XP level 4. HP: 24/24 MP: 5/13
  1371 | D:2      | Found a faded altar of an unknown god.
  1449 | D:2      | Noticed Terence
  1523 | D:3      | Reached skill level 6 in Spellcasting
  1526 | D:3      | Reached XP level 5. HP: 27/28 MP: 4/15
  2402 | D:3      | Reached skill level 7 in Spellcasting
  2679 | D:3      | Learned a level 3 spell: Dazzling Spray
  2684 | D:3      | Learned a level 4 spell: Iskenderun's Mystic Blast
  2768 | D:3      | Reached XP level 6. HP: 32/32 MP: 10/18
  3059 | D:3      | Found a bloodstained altar of Trog.
  3420 | D:4      | Reached skill level 8 in Spellcasting
  3475 | D:4      | Reached XP level 7. HP: 23/34 MP: 3/21
  3866 | D:4      | Reached skill level 1 in Hexes
  3953 | D:4      | Identified the +4 dire flail of Bloodstone {flame, +Inv
                  | Int+4}
  3954 | D:4      | Found a transporter.
  3954 | D:4      | Noticed Exodus22XD's ghost (amateur DDFi)
  3956 | D:4      | Found a transporter.
  4072 | D:5      | Entered Level 5 of the Dungeon
  4097 | D:5      | Reached skill level 9 in Spellcasting
  5657 | D:6      | Reached XP level 8. HP: 35/39 MP: 5/23
  5761 | D:6      | Reached skill level 10 in Spellcasting
  6178 | D:7      | Learned a level 4 spell: Fulminant Prism
  6699 | D:7      | Found an ancient bone altar of Kikubaaqudgha.
  6705 | D:7      | Found an iron altar of Okawaru.
  6706 | D:7      | Found an ornate altar of the Wu Jian Council.
  6707 | D:7      | Found a sacrificial altar of Ru.
  6738 | D:7      | Reached skill level 5 in Hexes
  6801 | D:7      | Slain by an orc warrior

Skill      XL: |  1  2  3  4  5  6  7  8 |
---------------+-------------------------+-----
Spellcasting   | 4 5 6 7 8 9 10 | 10.2
Conjurations   | 5 6 7 8 |  8.6
Hexes          | 3 5 |  5.3
Dodging        | |  2.4
Stealth        | |  2.4

Action                   |  1- 3 |  4- 6 |  7- 9 || total
-------------------------+-------+-------+-------++-------
Melee: Unarmed           |     2 |     6 |    13 ||    21
       Morningstar       |       |       |     2 ||     2
 Cast: Magic Dart        |    41 |   100 |    66 ||   207
       Searing Ray       |     2 |    16 |    11 ||    29
       Iskenderun's Myst |       |     5 |    19 ||    24
       Dazzling Spray    |       |       |    12 ||    12
       Fulminant Prism   |       |       |     3 ||     3
  Use: Scroll            |       |     1 |     2 ||     3
  Eat: Chunk             |       |     8 |     6 ||    14
       Ration            |       |       |     1 ||     1
Armor: Leather armour    |     1 |     5 |     7 ||    13
Dodge: Dodged            |     2 |    23 |    26 ||    51
